Map: Dusty Gorge

Players

OpuS - Winner!

  • Race: Protoss Protoss
  • League: Platinum
  • Spawn Location: 9:00

Sketchaphone - Winner!

  • Race: Zerg Zerg
  • League: Platinum
  • Spawn Location: 11:00

Agonizer

  • Race: Terran Terran
  • League: Diamond
  • Spawn Location: 3:00

Luffy

  • Race: Terran Terran
  • League: Platinum
  • Spawn Location: 5:00

VOD

Have the link to the VOD?

Description

Time

  • Played on: Feb. 15, 2019, 9:48 p.m.
  • Length: 16:51
Show
View Real Time Build Order
Export as new Build Order

OpuS Protoss - Winner!

Build Orders: Colossus Rush 

Get SALT Encoding   

  12  0:01  Probe  
  13  0:13  Probe  
  14  0:20  Pylon  
  14  0:25  Probe  
  15  0:38  Probe  
  15  0:40  Gateway  
  16  0:46  Probe  
  16  0:54  Gateway  
  16  0:56  Probe  
  18  1:04  Assimilator  
  18  1:08  Probe  
  18  1:11  Assimilator  
  18  1:16  Probe  
  20  1:26  Probe  
  20  1:30  Cybernetics Core  
  21  1:37  Pylon  
  21  1:45  Probe  
  22  1:57  Probe  
  23  2:06  Warp Gate  
  23  2:09  Stalker  
  23  2:12  Stalker  
  26  2:31  Nexus  
  26  2:35  Probe  
  27  2:47  Probe  
  27  2:51  Stalker  
  28  2:59  Probe  
  28  3:02  Stalker  
  31  3:08  Pylon  
  31  3:19  Robotics Facility  
  31  3:26  Probe  
  32  3:29  Pylon  
  32  3:38  Probe  
  33  3:43  Probe  
  34  3:50  Probe  
  35  3:55  Stalker  
  35  3:56  Stalker  
  35  3:59  Probe  
  40  4:10  Observer  
  40  4:13  Probe x2  
  43  4:21  Pylon  
  43  4:25  Robotics Bay  
  43  4:29  Probe x2  
  43  4:30  Gateway  
  43  4:41  Probe x2  
  43  4:44  Stalker  
  43  4:45  Stalker  
  49  4:53  Probe x2  
  51  5:01  Twilight Council  
  51  5:03  Pylon  
  51  5:09  Gateway  
  51  5:19  Stalker  
  51  5:20  Stalker  
  55  5:25  Pylon  
  54  5:35  Probe x2  
  56  5:37  Assimilator  
  56  5:40  Colossus  
  56  5:41  Assimilator  
  56  5:44  Zealot x3  
  68  6:05  Zealot x3  
  68  6:07  Blink  
  68  6:10  Probe x2  
  76  6:15  Pylon  
  76  6:17  Pylon  
  76  6:45  Colossus  
  62  6:54  Zealot  
  62  6:55  Zealot x3  
  62  6:58  Probe x2  
  72  7:10  Gateway  
  72  7:12  Gateway  
  72  7:13  Gateway x2  
  70  7:19  Stalker x4  
  72  7:26  Colossus  
  72  7:29  Probe  
  74  7:30  Probe  
  74  7:41  Probe  
  74  7:42  Stalker  
  81  7:51  Extended Thermal Lance  
  81  7:52  Zealot  
  81  7:53  Zealot  
  81  7:55  Zealot  
  87  8:00  Charge  
  87  8:05  Pylon  
  87  8:09  Zealot  
  87  8:10  Stalker  
  91  8:26  Colossus  
  93  8:34  Stalker  
  93  8:36  Stalker  
  95  8:41  Pylon  
  95  8:56  Nexus  
  95  8:58  Pylon  
  91  9:13  Stalker x3, Colossus  
  97  9:21  Forge  
  97  9:23  Forge  
  103  9:55  Probe x2  
  103  9:56  Stalker  
  103  9:57  Stalker x2  
  103  9:58  Stalker x2  
  115  10:07  Probe  
  116  10:20  Colossus  
  118  10:41  Zealot x5  
  118  10:42  Zealot  
  112  10:46  Protoss Ground Weapons Level 1, Protoss Ground Armor Level 1  
  112  10:48  Probe  
  97  11:08  Colossus  
  97  11:10  Stalker x5  
  107  11:16  Probe x3  
  116  11:24  Zealot  
  116  11:25  Zealot  
  120  11:30  Templar Archives  
  120  11:34  Probe  
  120  11:35  Probe  
  120  11:39  Stalker  
  124  11:41  Zealot  
  124  11:43  Zealot  
  128  11:54  Probe x2  
  128  11:55  Probe  
  128  11:57  Assimilator  
  128  12:01  Assimilator  
  131  12:22  Colossus  
  105  12:33  Stalker x5  
  105  12:34  Stalker x2  
  105  12:35  Stalker  
  105  12:36  Probe x2  
  105  12:37  Probe  
  110  12:48  Nexus, Protoss Ground Weapons Level 2  
  106  12:56  Psionic Storm  
  94  13:02  Protoss Ground Armor Level 2  
  86  13:06  Forge  
  84  13:21  Colossus  
  90  13:29  Pylon  
  90  13:32  Zealot x2  
  90  13:33  Zealot x4  
  102  13:36  Zealot  
  102  13:37  Zealot  
  106  13:55  Stalker  
  106  13:56  Stalker x4  
  114  14:25  Colossus  
  120  14:43  Probe x3  
  123  14:46  Probe  
  123  14:47  Zealot x3  
  123  14:48  Zealot x5  
  140  14:55  Probe  
  140  14:56  Probe x2  
  140  14:58  Probe  
  144  15:01  Gateway  
  144  15:03  Gateway  
  144  15:09  Probe x3  
  144  15:13  Gateway  
  145  15:16  Gateway  
  145  15:22  Colossus  
  151  15:32  Stalker x3  
  157  15:41  Zealot  
  157  15:42  Zealot x3  
  147  15:58  Stalker x2  
  147  15:59  Stalker  
  147  16:01  Zealot  
  153  16:06  Stalker  
  145  16:22  Zealot x3  
  141  16:33  Zealot x3  
  141  16:34  Zealot x2  
Show
View Real Time Build Order
Export as new Build Order

Sketchaphone Zerg - Winner!

Build Orders: Hatch First 

Get SALT Encoding   

  12  0:01  Drone  
  13  0:12  Overlord  
  13  0:26  Drone  
  14  0:29  Drone, Extractor  
  14  0:33  Drone  
  16  0:38  Drone  
  17  0:58  Hatchery  
  16  1:05  Drone  
  16  1:06  Drone  
  16  1:07  Extractor  
  16  1:10  Drone  
  18  1:20  Drone  
  19  1:31  Drone  
  20  1:36  Spawning Pool  
  19  1:56  Hatchery  
  19  1:58  Drone x2  
  20  2:03  Drone  
  21  2:09  Overlord  
  21  2:28  Spine Crawler, Drone  
  21  2:29  Queen  
  21  2:34  Overlord  
  23  2:40  Metabolic Boost  
  23  2:44  Drone  
  24  2:47  Drone  
  25  2:51  Drone  
  25  2:58  Spine Crawler  
  25  3:06  Queen  
  28  3:12  Drone  
  28  3:13  Drone  
  28  3:15  Drone  
  28  3:19  Drone  
  31  3:23  Pneumatized Carapace  
  31  3:26  Drone  
  32  3:29  Drone  
  32  3:34  Drone  
  34  3:39  Drone  
  35  3:56  Drone x7  
  42  4:04  Extractor  
  42  4:06  Zergling x4  
  43  4:10  Zergling x10  
  43  4:12  Zergling x2  
  49  4:20  Zergling x2  
  50  4:28  Overlord  
  50  4:37  Overlord  
  50  4:38  Overlord  
  50  4:40  Overlord  
  50  4:46  Queen  
  50  4:47  Lair  
  50  4:51  Overlord  
  52  4:54  Overlord  
  52  4:56  Drone x2  
  52  4:57  Overlord  
  54  5:00  Drone  
  54  5:03  Drone x7  
  62  5:13  Drone x2  
  64  5:15  Evolution Chamber x2  
  64  5:19  Roach Warren  
  61  5:22  Zergling x6  
  64  5:32  Overlord  
  64  5:33  Drone  
  64  5:34  Drone x2  
  67  5:39  Extractor  
  67  5:40  Extractor  
  67  5:41  Zergling x2  
  67  5:42  Zergling x10  
  71  6:00  Zerg Ground Armor Level 1  
  71  6:01  Zerg Melee Weapons Level 1  
  71  6:02  Baneling Nest, Zergling x10  
  71  6:03  Zergling x2  
  76  6:06  Drone  
  76  6:07  Drone  
  78  6:19  Queen  
  80  6:35  Drone x7  
  65  7:03  Drone x14  
  79  7:09  Extractor  
  76  7:23  Centrifical Hooks  
  76  7:24  Zergling x2  
  76  7:25  Zergling x8  
  76  7:29  Zergling x4  
  81  7:30  Extractor  
  81  7:32  Zergling x2  
  81  7:35  Queen x3  
  81  7:36  Hatchery  
  81  7:37  Zergling x8  
  90  7:41  Overlord  
  90  7:43  Overlord  
  90  7:44  Overlord  
  90  7:45  Overlord  
  90  7:49  Baneling x5  
  90  7:50  Baneling x8  
  90  7:57  Overlord  
  90  7:58  Overlord x2  
  90  7:59  Overlord  
  90  8:00  Zergling x8  
  90  8:03  Zerg Melee Weapons Level 2  
  90  8:04  Zerg Ground Armor Level 2  
  94  8:05  Zergling x6  
  97  8:13  Zergling x6  
  90  8:23  Zergling x10  
  90  8:35  Zergling x8  
  93  8:50  Queen  
  95  9:06  Overlord  
  95  9:10  Glial Reconstitution  
  95  9:17  Infestation Pit  
  95  9:21  Spire  
  93  9:26  Overlord x2  
  93  9:30  Baneling x13  
  93  9:31  Baneling x8  
  93  9:32  Zergling x30  
  93  9:38  Overlord  
  108  9:40  Overlord  
  108  9:45  Evolution Chamber, Zergling x8  
  112  9:48  Zergling x6  
  114  9:55  Zergling x2  
  114  9:58  Overlord  
  114  9:59  Overlord  
  115  10:03  Hatchery  
  114  10:07  Hatchery  
  114  10:10  Zergling x20  
  117  10:27  Zerg Missile Weapons Level 1  
  117  10:28  Hive  
  113  10:32  Zergling x16  
  113  10:33  Tunneling Claws  
  121  10:36  Swarm Host x3  
  126  11:04  Baneling x8  
  126  11:05  Baneling x31  
  126  11:06  Baneling x12  
  126  11:08  Roach x9  
  126  11:09  Roach  
  146  11:19  Spire  
  146  11:24  Queen  
  147  11:28  Roach x5  
  157  11:42  Burrow  
  157  11:56  Roach x2  
  157  11:57  Roach x6  
  171  12:19  Roach x11  
  144  12:49  Zergling x26  
  152  12:54  Roach x11  
  152  12:56  Zergling x4  
  150  13:17  Zerg Ground Armor Level 3, Zerg Missile Weapons Level 2  
  126  13:30  Drone x10  
  136  13:40  Greater Spire  
  136  13:41  Corruptor x4  
  126  14:00  Zergling x24  
  138  14:07  Baneling x7  
  120  14:28  Zergling x22  
  143  14:53  Brood Lord x2  
  143  14:59  Drone x3  
  147  15:01  Drone  
  147  15:02  Drone  
  123  15:46  Corruptor x7  
  123  15:47  Corruptor  
  139  15:52  Drone x2  
  139  16:33  Zergling x4  
  139  16:38  Drone  
Show
View Real Time Build Order
Export as new Build Order

Agonizer Terran 

Build Orders: Gas First Reaper Expand, Mech 

Get SALT Encoding   

  12  0:01  SCV  
  13  0:13  SCV  
  14  0:19  Supply Depot  
  14  0:31  SCV  
  14  0:34  Refinery  
  15  0:43  SCV  
  15  0:46  Barracks  
  16  0:56  SCV  
  17  1:08  SCV  
  18  1:20  SCV  
  19  1:33  Reaper  
  20  1:41  Orbital Command  
  20  1:48  Command Center  
  20  1:55  Refinery  
  20  2:05  Supply Depot  
  20  2:06  Barracks Reactor  
  20  2:13  SCV  
  21  2:25  SCV  
  22  2:30  Factory  
  22  2:52  Marine x2  
  22  2:57  Factory  
  24  3:04  SCV  
  25  3:07  Supply Depot  
  25  3:08  Orbital Command  
  25  3:10  Refinery  
  25  3:14  Factory Tech Lab  
  25  3:16  SCV  
  25  3:19  Marine  
  27  3:28  SCV  
  28  3:40  SCV  
  29  3:44  Factory Tech Lab  
  29  3:46  Cyclone  
  29  3:47  Mag-Field Accelerator  
  32  3:52  Factory  
  32  3:55  Marine x2  
  33  4:01  SCV  
  34  4:04  Refinery  
  34  4:06  SCV  
  35  4:15  Marine x2  
  37  4:18  Cyclone  
  37  4:22  SCV x2  
  41  4:37  Factory Tech Lab  
  41  4:39  Cyclone  
  41  4:44  Supply Depot  
  44  4:47  Supply Depot  
  44  4:50  SCV  
  45  4:58  Cyclone  
  48  5:04  Cyclone  
  51  5:26  Siege Tank  
  51  5:27  Marine x2  
  56  5:32  Factory, SCV x2  
  56  5:33  Supply Depot  
  58  5:40  Supply Depot  
  58  5:45  Marine x2, SCV x2  
  62  5:57  Cyclone, SCV  
  62  6:03  Cyclone, Marine x2  
  71  6:06  SCV  
  71  6:09  SCV  
  73  6:17  Factory Tech Lab  
  73  6:18  SCV  
  73  6:20  Engineering Bay  
  73  6:22  SCV  
  75  6:25  Supply Depot  
  75  6:32  SCV  
  76  6:34  SCV  
  76  6:44  SCV  
  77  6:48  Hellion x4  
  77  6:49  Marine x2  
  78  7:04  SCV  
  79  7:09  Hellion x3  
  79  7:12  Hellion  
  78  7:24  SCV  
  79  7:30  Cyclone x2  
  85  7:41  Cyclone x2  
  85  7:43  Supply Depot  
  91  7:46  Supply Depot  
  91  7:54  Command Center  
  91  7:59  Marine x2  
  91  8:05  Hellion x2  
  97  8:13  Hellion  
  57  8:31  Siege Tank x2  
  57  8:32  Siege Tank  
  66  8:34  Siege Tank  
  69  8:46  SCV x2  
  71  8:58  SCV x2  
  73  9:03  Siege Tank x2  
  73  9:04  Refinery  
  73  9:07  Factory  
  73  9:08  Factory  
  79  9:10  SCV x2  
  81  9:22  SCV x2  
  83  9:27  Siege Tank x2  
  89  9:32  Missile Turret  
  89  9:35  Siege Tank  
  89  9:36  Siege Tank  
  95  9:53  Factory Tech Lab x2, Missile Turret  
  95  9:58  Orbital Command  
  95  9:59  Siege Tank x2  
  101  10:04  SCV x2  
  103  10:08  Siege Tank x2  
  109  10:16  SCV x2  
  109  10:20  Siege Tank x2  
  117  10:28  Orbital Command  
  117  10:31  Siege Tank x2  
  113  10:40  Siege Tank x2  
  89  10:52  Siege Tank x2  
  85  11:03  Widow Mine  
  86  11:11  SCV x3  
  89  11:23  SCV x3  
  92  11:35  SCV x3  
  95  11:42  Command Center  
  95  11:45  Refinery  
  95  11:46  Refinery  
  95  11:47  SCV x3  
  98  11:59  SCV x3  
  101  12:09  Refinery  
  101  12:11  Refinery, SCV x3  
  78  12:23  SCV x2  
  78  12:24  Siege Tank x2, SCV  
  78  12:25  Siege Tank x3  
  78  12:35  SCV  
  78  12:36  SCV x2  
  81  12:43  Factory Tech Lab  
  81  12:48  SCV  
  79  12:56  Siege Tank  
  79  12:57  Hellion x3, Siege Tank  
  91  13:12  Missile Turret  
  91  13:16  Hellion  
  91  13:18  Hellion x2  
  91  13:19  Hellion  
  88  13:27  SCV x4  
  88  13:29  Hellion x2  
  95  13:38  Hellion  
  95  13:39  SCV x4  
  95  13:40  Hellion x2, Siege Tank  
  86  13:50  Siege Tank x2  
  86  13:51  SCV x3  
  86  13:55  Starport x2  
  95  13:56  Starport, Orbital Command  
  95  13:59  Siege Tank  
  95  14:01  Siege Tank  
  101  14:20  Infernal Pre-Igniter  
  97  14:30  SCV x4  
  99  14:33  Starport Reactor  
  85  14:42  SCV x4, Command Center  
  85  14:43  Missile Turret  
  89  14:46  Siege Tank x3  
  98  14:54  SCV x3  
  101  15:00  Refinery  
  101  15:01  Starport Reactor x2  
  64  15:43  Siege Tank x6  
  76  16:08  SCV x3  
  57  16:15  Siege Tank x6  
  74  16:20  SCV x2  
Show
View Real Time Build Order
Export as new Build Order

Luffy Terran 

Build Orders:  

Get SALT Encoding   

  12  0:01  SCV  
  13  0:13  SCV  
  14  0:22  Supply Depot  
  14  0:26  SCV  
  15  0:43  SCV  
  15  0:45  Barracks  
  16  0:54  Refinery  
  16  0:55  SCV  
  17  1:08  SCV  
  18  1:20  SCV  
  20  1:38  Reaper  
  20  1:40  Orbital Command  
  20  1:50  Command Center  
  20  2:17  Factory  
  20  2:26  Barracks Tech Lab  
  20  2:29  SCV  
  21  2:35  Supply Depot  
  21  2:41  SCV  
  22  2:47  Marine  
  23  2:53  Refinery  
  23  2:56  SCV  
  24  3:08  SCV  
  24  3:10  Factory Tech Lab  
  25  3:15  Command Center  
  25  3:18  Marine  
  26  3:28  Bunker  
  26  3:34  Orbital Command  
  26  3:36  Marine  
  27  3:46  SCV, Siege Tank  
  31  3:54  Marine  
  32  3:58  SCV  
  33  4:04  SCV  
  34  4:10  Barracks  
  34  4:15  Starport  
  34  4:18  SCV x2  
  34  4:23  Refinery  
  36  4:27  Stimpack  
  36  4:35  Siege Tank  
  36  4:36  Marine  
  39  4:48  Engineering Bay  
  39  4:51  Engineering Bay  
  39  4:54  Marine, Starport Reactor  
  39  4:56  SCV  
  39  4:57  SCV  
  42  5:05  Barracks Reactor  
  42  5:11  Marine  
  43  5:14  Planetary Fortress  
  43  5:16  Barracks  
  43  5:17  Barracks  
  43  5:23  SCV x2  
  43  5:27  Terran Infantry Armor Level 1  
  45  5:34  Refinery  
  45  5:35  SCV  
  46  5:37  Medivac  
  48  5:45  Supply Depot  
  48  5:47  Marine x3  
  51  6:01  Refinery  
  51  6:05  Marine  
  51  6:08  SCV x3  
  55  6:13  Barracks Tech Lab  
  55  6:15  Sensor Tower, Barracks Reactor  
  55  6:18  Medivac  
  55  6:20  SCV x3  
  55  6:24  Refinery  
  60  6:31  Armory  
  60  6:32  Terran Infantry Weapons Level 1, SCV x2  
  62  6:50  Marine x3, SCV x3  
  62  6:51  Marine  
  69  7:07  Supply Depot x2  
  69  7:16  SCV  
  69  7:28  Viking x2, Marine x5, Siege Tank, SCV x2  
  83  7:46  Marine x2  
  83  7:48  Marine x2  
  83  7:51  Marine  
  83  7:52  SCV  
  83  7:53  Terran Infantry Armor Level 2  
  85  8:02  Barracks  
  85  8:05  Barracks  
  85  8:19  Marine  
  85  8:21  SCV  
  85  8:26  Marine  
  85  8:27  Marine x2, SCV x2  
  85  8:28  Viking  
  82  8:39  SCV  
  75  8:44  Marine x3  
  75  8:45  Medivac, Marine, Siege Tank  
  75  8:46  SCV  
  85  8:53  Supply Depot  
  85  8:56  Supply Depot  
  85  9:01  SCV x2  
  85  9:02  Medivac, SCV  
  76  9:14  Marine x5  
  76  9:15  Viking  
  82  9:28  SCV x3  
  82  9:29  Terran Infantry Weapons Level 2  
  82  9:30  Marine  
  82  9:31  Marine  
  87  9:32  Marine x5, Viking  
  92  9:43  SCV x2, Siege Tank  
  92  9:44  SCV  
  98  9:45  Viking  
  98  9:48  Marine  
  101  9:53  Missile Turret  
  101  9:55  Supply Depot  
  101  9:56  Supply Depot, SCV  
  101  9:57  Marauder, Supply Depot  
  97  10:26  Marauder, Marine x3  
  100  10:33  Barracks Reactor x2  
  100  10:34  SCV  
  100  10:35  SCV x2  
  103  10:47  SCV  
  103  10:48  Marauder  
  103  10:49  Marine x4  
  110  10:50  Medivac x2, Siege Tank  
  117  11:07  Marine x3  
  117  11:09  Marauder  
  103  11:14  Terran Infantry Armor Level 3  
  103  11:15  Marine x5  
  107  11:20  Medivac x2  
  107  11:25  Marine x3  
  114  11:31  Marauder  
  116  11:33  Marine x3, SCV x3  
  116  11:37  Marine x2  
  124  11:42  Marine  
  125  11:50  Supply Depot  
  125  11:51  Supply Depot  
  125  11:53  Supply Depot  
  125  11:54  Supply Depot  
  125  12:04  Command Center  
  125  12:12  Marauder, Marine x2, SCV  
  109  12:34  Marauder  
  108  12:41  Marine x4  
  108  12:42  Medivac x2, Siege Tank  
  91  12:55  Marauder  
  89  12:59  Marine x2  
  88  13:07  Marine x2  
  88  13:12  Medivac  
  92  13:14  Siege Tank  
  92  13:16  Marauder  
  92  13:17  Marine x2  
  99  13:25  Marine  
  99  13:26  Medivac  
  102  13:27  SCV  
  102  13:29  Terran Infantry Weapons Level 3  
  103  13:38  Marauder  
  103  13:39  Orbital Command, SCV  
  106  13:46  Siege Tank  
  109  13:51  SCV  
  109  13:53  Marine  
  109  13:54  Marine x3  
  114  13:59  Marauder  
  116  14:03  SCV  
  116  14:09  Medivac  
  119  14:11  Marine x3  
  119  14:12  Marine  
  119  14:15  SCV  
  119  14:19  Siege Tank  
  119  14:21  Marauder  
  105  14:27  SCV  
  105  14:28  SCV  
  105  14:29  Marine x4  
  109  14:40  SCV  
  109  14:41  Marine  
  109  14:45  SCV  
  112  14:46  Refinery  
  112  14:47  Marine  
  112  14:52  SCV  
  114  14:57  SCV  
  115  15:09  Marine x5  
  115  15:10  SCV  
  118  15:53  Marine x4  
  118  15:54  Marauder  
  120  16:11  Marine x4  
  120  16:16  Marauder  
  107  16:29  Marine x2  
Tags
 
Add a new tag
Caveats
  • Supply blocks, unpowered buildings, or Contaminate may cause inaccurate times.
  • Supply counts are checked every 10 seconds.